AoeStats
← SlowBoy

Arabia

506459487Analyzed
1v1 RM · 18d ago on Sep 13, 2026· 40m 58s· 2 players
Game mode
Random Map
Map size
Tiny (2 player)
Population
200
Speed
Normal
Resources
Standard
Victory
Conquest
Starting age
Dark Age
Ending age
Imperial Age
RankedLock teamsTeams togetherTeam positionsShared explorationLock speedFull tech treeHidden civsTurbo modeCheats
Victory
Defeat
🇨🇳 Vietnamese · China
1615
+21
🇧🇷 Khmer · Brazil
1731
-21
SlowBoy
6:31 Loom
9:16 Feudal Age
9:48 Double-Bit Axe
9:44 Horse Collar
16:05 Bloodlines
17:00 Wheelbarrow
20:14 Castle Age
18:21 Gold Mining
19:05 Forging
19:42 Scale Barding Armor
21:09 Bow Saw
21:02 Husbandry
20:56 Light Cavalry
24:56 Chain Barding Armor
25:11 Town Watch
27:07 Iron Casting
36:40 Stone Mining
37:36 Town Patrol
LY006
5:52 Loom
8:52 Feudal Age
9:38 Double-Bit Axe
11:35 Horse Collar
13:59 Wheelbarrow
17:23 Gold Mining
19:35 Castle Age
17:45 Fletching
19:28 Padded Archer Armor
19:45 Bloodlines
20:57 Bow Saw
20:49 Bodkin Arrow
21:26 Husbandry
28:48 Leather Archer Armor
29:59 Ballistics
35:26 Thumb Ring
Connection lost

Rejoining the realm…

Still unreachable

The connection could not be restored.

Session expired

The server has moved on; the page needs a fresh start.